 Dungeon Crawl Stone Soup version 0.22-a0-346-ga714374 (webtiles) character file.

82 grindst0ne the Sneak (level 4, 0/29 HPs)
             Began as an Octopode Assassin on Apr 6, 2018.
             Succumbed to a worker ant's poison
             ... on level 2 of the Dungeon.
             The game lasted 00:01:51 (1420 turns).

grindst0ne the Sneak (Octopode Assassin)            Turns: 1420, Time: 00:01:52

Health: 0/29       AC:  1    Str:  8 (10) XL:     4   Next: 43%
Magic:  4/4        EV: 13    Int: 10 (13) God:
Gold:   141        SH:  0    Dex: 11 (14) Spells: 3/3 levels left

rFire    . . .     SeeInvis .   a - +2 dagger
rCold    . . .     Gourm    .   (no shield)
rNeg     . . .     Faith    .   (helmet restricted)
rPois    .         Spirit   .   (no amulet)
rElec    .         Reflect  .   o - ring of resist corrosion
rCorr    +         Harm     .   (no ring)
MR       .....                  (no ring)
Stlth    ++++......             (no ring)
HPRegen  0.09/turn              (no ring)
MPRegen  0.09/turn              (no ring)
                                (no ring)
                                (no ring)

@: lethally poisoned (0 -> -8)
A: almost no armour, stealthy swim, amphibious, 8 rings, constrict 8, camouflage
1, gelatinous body 1
a: no special abilities


You were on level 2 of the Dungeon.
You were not hungry.

You visited 1 branch of the dungeon, and saw 2 of its levels.

You collected 141 gold pieces.

Inventory:

Hand Weapons
 a - a +2 dagger (weapon)
 b - a +0 blowgun
Missiles
 c - 8 poisoned needles
 d - 2 curare-tipped needles
 e - 4 javelins (quivered)
Armour
 h - a +0 shield
Jewellery
 o - a ring of resist corrosion (left tentacle)
Scrolls
 g - 3 scrolls of amnesia {unknown}
 i - 2 scrolls of identify {unknown}
 k - a scroll of enchant armour {unknown}
 m - 3 scrolls of remove curse {unknown}
 p - a scroll of magic mapping {unknown}
 q - a scroll of fog {unknown}
 s - a scroll of immolation {unknown}
Potions
 n - a potion of degeneration
Comestibles
 f - 8 rations
 l - 2 chunks of flesh


   Skills:
 - Level 2.0 Fighting
 - Level 2.0 Short Blades
 + Level 3.0 Throwing
 + Level 2.4 Dodging
 + Level 6.3 Stealth


You had 3 spell levels left.
You didn't know any spells.

Dungeon Overview and Level Annotations

Branches:
Dungeon (2/15)

Altars:


Innate Abilities, Weirdness & Mutations

You cannot wear most types of armour.
You are very stealthy in the water. (Stealth+)
You are amphibious.
You can wear up to eight rings at the same time.
You can use your tentacles to constrict eight enemies at once.
Your skin changes colour to match your surroundings (Stealth+).
Your rubbery body absorbs attacks. (AC +1, EV +1)


Message History

The worker ant is severely wounded.
You constrict the worker ant.
You feel sick. The worker ant bites you.
* * * LOW HITPOINT WARNING * * *
You hit the worker ant.
The worker ant is almost dead.
You constrict the worker ant.
* * * LOW HITPOINT WARNING * * *
You feel sick. The worker ant bites you.
* * * LOW HITPOINT WARNING * * *
It was a potion of degeneration.
There was something very wrong with that liquid.
You feel weakened.
You feel dopey.
You feel clumsy.
You constrict the worker ant.
You kill the worker ant!
Your Throwing skill increases to level 3!
* * * LOW HITPOINT WARNING * * *
You feel sick.
It was a potion of magic.
Magic courses through your body.
It was a potion of cancellation.
You feel magically purged.
You die...

....... ####...........
. .. .........### ...#
#....###.# #
###.###....#...# #
#.%........#...###
#######.................
#...................)...
#..?..†@................
#..%....................
#.......#.####..........
#.......#.# #..........
#########.# #######.###
#.# ##....##..#
#######.###.....÷##.#
##........#..........##
#......####........#...


There were no monsters in sight!

Vanquished Creatures
  A worker ant (D:2)
  An adder (D:2)
  A dart slug (D:1)
  A leopard gecko (D:2)
  14 giant cockroaches
  7 goblins (D:1)
  A hobgoblin (D:1)
  A quokka (D:2)
  3 bats
  2 frilled lizards (D:1)
  4 kobolds
  6 rats
42 creatures vanquished.

Notes
Turn   | Place    | Note
-------+----------+-------------------------------------------
     0 | D:1      | grindst0ne the Octopode Assassin began the quest for the Orb.
     0 | D:1      | Reached XP level 1. HP: 14/14 MP: 1/1
   181 | D:1      | Reached XP level 2. HP: 19/19 MP: 2/2
   491 | D:1      | Reached XP level 3. HP: 24/24 MP: 3/3
  1016 | D:2      | Reached skill level 6 in Stealth
  1299 | D:2      | Reached XP level 4. HP: 27/29 MP: 4/4
  1418 | D:2      | HP: 1/29 [poisoned by a worker ant]
  1420 | D:2      | Succumbed to a worker ant's poison

Vault maps used:
D:1:      minmay_arrival_four_houses
D:2:      minmay_roachtagon, first_ration, serial_curves, eino_curves_01,
          eino_curves_03

Skill      XL: |  1  2  3  4 |
---------------+-------------+-----
Dodging        | 2 |  2.4
Stealth        | 6 |  6.3
Throwing       | 3 |  3.0
Fighting       | |  2.0
Short Blades   | |  2.0

Action                   |  1- 3 |  4- 6 || total
-------------------------+-------+-------++-------
Melee: Dagger            |    81 |     7 ||    88
       Constrict         |    20 |     1 ||    21
       Tentacles         |    13 |       ||    13
  Use: Potion            |       |     3 ||     3
 Stab: Sleeping          |    15 |       ||    15
  Eat: Chunk             |     1 |     1 ||     2
Armor: Skin              |    10 |       ||    10
Dodge: Dodged            |    59 |     1 ||    60

Table legend:
 A = Spawn XP
 B = Non-spawn XP
 C = Spawn XP percentage of total XP
 D = Spawn monster count
 E = Non-spawn monster count
 F = Spawn count percentage of total count
 G = Total turns spent on level
                    A         B        C        D         E        F      G
               +---------+---------+-------+---------+---------+-------+---------
         Total |       0 |     118 |   0.0 |       0 |      42 |   0.0 |  1420
               +---------+---------+-------+---------+---------+-------+---------
           D:1 |       0 |      44 |   0.0 |       0 |      26 |   0.0 |   872
           D:2 |       0 |      74 |   0.0 |       0 |      16 |   0.0 |   548
               +---------+---------+-------+---------+---------+-------+---------
